Map: [ESL] Oceanborn

Players

Cham - Winner!

  • Race: Zerg Zerg
  • Spawn Location: 5:00

Ukko

  • Race: Zerg Zerg
  • Spawn Location: 11:00

Event: ESL SC2 Masters 2023 Winter (Regional)

VOD

Have the link to the VOD?

Description

Time

  • Played on: Nov. 4, 2023, 1:48 p.m.
  • Length: 10:27

All games in this series

Show
View Real Time Build Order
Export as new Build Order

Cham Zerg - Winner!

Build Orders: Hatch First, Zergling Baneling 

Get SALT Encoding   

  12  0:00  Drone  
  13  0:12  Overlord  
  13  0:16  Drone  
  14  0:30  Drone x2  
  16  0:48  Hatchery  
  15  0:50  Drone  
  15  0:54  Drone  
  17  0:57  Drone  
  18  1:11  Spawning Pool  
  17  1:12  Extractor  
  17  1:16  Drone  
  17  1:18  Drone  
  18  1:28  Drone  
  19  1:41  Drone  
  20  1:50  Drone  
  21  1:59  Queen x2  
  21  2:00  Drone, Overlord  
  26  2:10  Drone  
  26  2:11  Drone  
  26  2:15  Metabolic Boost  
  28  2:21  Zergling x2  
  28  2:22  Zergling x2  
  30  2:33  Hatchery  
  29  2:38  Queen  
  31  2:46  Baneling Nest  
  31  2:47  Drone  
  31  2:52  Overlord  
  31  2:56  Drone  
  31  2:57  Drone  
  33  3:03  Drone  
  34  3:07  Drone x2  
  34  3:10  Drone  
  34  3:11  Drone  
  38  3:15  Zergling x2  
  38  3:16  Zergling x2  
  38  3:18  Zergling x2  
  41  3:20  Zergling x2  
  41  3:22  Drone  
  41  3:25  Drone  
  44  3:28  Overlord  
  44  3:35  Baneling x4  
  44  3:41  Baneling x2  
  44  3:43  Overlord  
  42  3:56  Baneling  
  42  3:57  Zergling x18  
  51  4:03  Baneling  
  51  4:07  Baneling  
  51  4:11  Drone x3  
  51  4:12  Drone x2  
  51  4:14  Extractor  
  51  4:16  Drone  
  56  4:17  Roach Warren  
  56  4:18  Drone x2  
  57  4:25  Drone x2  
  57  4:27  Overlord  
  57  4:28  Drone  
  60  4:36  Zergling x4, Drone x2  
  63  4:43  Drone  
  63  4:44  Drone  
  64  4:49  Extractor  
  64  4:50  Overlord  
  64  4:52  Drone x3  
  66  4:54  Overlord  
  66  4:56  Drone  
  66  4:59  Roach  
  73  5:00  Roach x2  
  73  5:01  Overlord  
  68  5:13  Roach x3  
  72  5:16  Roach x2  
  72  5:17  Roach x2  
  77  5:21  Drone x2  
  77  5:22  Roach  
  81  5:29  Roach x3  
  81  5:34  Roach x2  
  90  5:37  Zergling x4, Roach  
  90  5:38  Zergling x2  
  90  5:41  Overlord  
  95  5:46  Roach  
  97  5:51  Drone  
  97  5:55  Lair  
  97  5:56  Zergling x2  
  98  5:57  Overlord x2  
  98  6:01  Roach x3  
  98  6:02  Drone  
  98  6:03  Drone  
  106  6:14  Overlord  
  106  6:15  Overlord  
  106  6:18  Drone  
  106  6:19  Drone x5, Extractor  
  106  6:20  Extractor, Evolution Chamber  
  106  6:21  Drone, Extractor  
  106  6:23  Drone  
  106  6:24  Drone  
  111  6:28  Drone x2  
  113  6:32  Overlord  
  113  6:38  Drone  
  114  6:40  Drone, Overlord  
  114  6:44  Drone x2  
  114  6:45  Drone  
  118  6:48  Zerg Missile Weapons Level 1  
  118  6:50  Drone  
  118  6:52  Drone x2, Hatchery  
  118  6:53  Drone  
  121  6:54  Roach  
  121  6:58  Roach x2  
  121  7:01  Roach, Spine Crawler x2  
  129  7:02  Roach  
  129  7:05  Roach  
  129  7:06  Glial Reconstitution  
  134  7:10  Spire  
  133  7:16  Hatchery  
  133  7:17  Roach  
  133  7:18  Roach  
  136  7:23  Overlord  
  136  7:25  Overlord  
  136  7:29  Roach x4  
  144  7:35  Roach x4  
  151  7:42  Overlord  
  151  7:43  Overlord  
  151  7:45  Overlord  
  151  7:48  Drone x2, Overlord  
  151  7:49  Drone  
  151  7:50  Overlord  
  154  7:56  Overlord  
  154  7:57  Roach  
  154  7:58  Roach x3  
  162  8:01  Overlord  
  162  8:06  Overlord  
  162  8:18  Drone x2  
  162  8:19  Overlord  
  164  8:24  Mutalisk x7  
  174  8:27  Mutalisk  
  174  8:28  Mutalisk  
  174  8:30  Mutalisk  
  180  8:35  Mutalisk x2  
  180  8:37  Extractor  
  180  8:41  Mutalisk, Extractor  
  183  8:42  Overlord  
  183  8:44  Drone x2  
  183  8:45  Mutalisk  
  184  8:55  Roach x7  
  194  8:58  Roach x2  
  198  9:03  Roach  
  198  9:07  Roach  
  196  9:13  Roach x7  
  196  9:15  Roach x2  
  196  9:17  Roach  
  186  9:19  Roach  
  186  9:21  Roach x2  
  177  9:24  Roach x2  
  177  9:30  Roach x3  
  173  9:39  Roach x5  
  173  9:40  Roach  
  183  9:48  Drone x5  
  183  9:50  Roach  
  190  10:06  Roach x5  
  200  10:07  Hatchery  
Show
View Real Time Build Order
Export as new Build Order

Ukko Zerg 

Build Orders: Hatch First 

Get SALT Encoding   

  12  0:00  Drone  
  13  0:12  Overlord  
  13  0:17  Drone  
  14  0:30  Drone x2  
  16  0:46  Hatchery  
  15  0:51  Drone  
  15  0:54  Drone  
  17  0:57  Drone  
  18  1:07  Extractor  
  17  1:12  Spawning Pool  
  17  1:16  Drone  
  17  1:20  Drone  
  18  1:30  Drone  
  19  1:38  Drone  
  20  1:49  Drone  
  21  1:59  Queen x2  
  21  2:00  Zergling x2  
  26  2:01  Overlord  
  26  2:09  Drone  
  26  2:10  Metabolic Boost  
  26  2:13  Drone  
  28  2:20  Drone  
  28  2:21  Drone  
  30  2:32  Hatchery  
  29  2:37  Drone  
  29  2:38  Drone  
  29  2:42  Drone  
  32  2:46  Baneling Nest  
  31  2:52  Overlord  
  31  2:54  Zergling x2  
  31  2:55  Zergling x2  
  33  3:08  Zergling x4  
  33  3:09  Zergling x2  
  33  3:10  Zergling x8  
  40  3:14  Overlord  
  40  3:23  Zergling x2, Drone  
  40  3:25  Queen  
  44  3:32  Baneling x2  
  44  3:35  Drone x2  
  44  3:39  Overlord  
  46  3:42  Drone x3  
  47  3:58  Drone x6  
  51  4:04  Roach Warren  
  51  4:05  Baneling  
  51  4:08  Zergling x6  
  52  4:15  Drone x5  
  57  4:17  Extractor  
  57  4:22  Zergling x6  
  57  4:23  Overlord  
  59  4:25  Baneling  
  55  4:40  Zergling x2  
  55  4:41  Zergling x8  
  60  4:48  Roach x4  
  60  4:50  Overlord  
  68  4:54  Roach  
  68  4:58  Roach  
  71  5:10  Roach x4  
  71  5:13  Zergling x2, Roach  
  80  5:14  Queen  
  80  5:20  Overlord  
  81  5:31  Overlord x2  
  81  5:33  Drone x4  
  81  5:35  Evolution Chamber  
  79  5:37  Drone x2  
  79  5:42  Baneling x2  
  80  5:53  Roach x5  
  86  5:58  Drone x5  
  86  6:02  Drone x2  
  93  6:06  Extractor  
  93  6:10  Lair  
  92  6:12  Drone x3  
  92  6:13  Drone x2  
  97  6:22  Roach x2  
  101  6:26  Roach  
  101  6:30  Roach  
  104  6:35  Extractor, Overlord x4  
  104  6:36  Extractor, Drone x3  
  105  6:50  Zerg Missile Weapons Level 1  
  105  6:55  Drone x6  
  111  7:01  Drone x3  
  111  7:02  Drone x4  
  118  7:09  Drone x5  
  118  7:11  Extractor  
  118  7:12  Drone  
  118  7:13  Glial Reconstitution  
  118  7:15  Pneumatized Carapace  
  123  7:18  Overlord  
  123  7:24  Roach x2, Hatchery  
  126  7:30  Roach x4  
  126  7:33  Roach x2  
  126  7:34  Roach  
  134  7:38  Roach x2  
  134  7:41  Roach x2  
  134  7:42  Overlord  
  140  7:46  Roach x2  
  140  7:47  Ravager x2  
  140  7:48  Overlord  
  146  7:55  Overlord  
  146  8:00  Roach x4  
  154  8:07  Roach x4  
  162  8:13  Overlord x5  
  166  8:20  Roach x2  
  166  8:21  Ravager x3  
  166  8:26  Evolution Chamber  
  167  8:28  Overlord x2  
  167  8:31  Roach  
  169  8:37  Roach x5  
  179  8:48  Roach x5  
  185  8:58  Roach x2  
  189  9:06  Hydralisk Den  
  189  9:08  Hatchery  
  106  9:30  Spore Crawler  
  89  9:35  Hydralisk  
  89  9:36  Hydralisk x7  
  99  9:41  Spore Crawler  
  99  9:42  Spore Crawler  
  93  9:46  Queen  
  93  9:47  Hydralisk, Queen x2  
  93  9:49  Roach  
  103  9:54  Roach x2  
  103  9:57  Roach  
  103  9:59  Spore Crawler, Roach  
  110  10:01  Roach  
  110  10:05  Roach x5  
  122  10:08  Roach  
Tags
 
Add a new tag
Caveats
  • Supply blocks, unpowered buildings, or Contaminate may cause inaccurate times.
  • Supply counts are checked every 10 seconds.